 Dungeon Crawl Stone Soup version 0.28.0-43-g3370ac3207 (webtiles) character file.

Game seed: 12430542990485765652

45797 demenzo the Fighter (level 14, -2/105 HPs)
             Began as a Djinni Cinder Acolyte on Mar 22, 2022.
             Was a High Priest of Ignis.
             Slain by a komodo dragon (19 damage)
             ... on level 5 of the Lair of Beasts on Mar 23, 2022.
             The game lasted 01:13:43 (36232 turns).

demenzo the Fighter (Djinni Cinder Acolyte)        Turns: 36232, Time: 01:13:44

Health: -2/105     AC: 15    Str: 13    XL:     14   Next: 73%
Gold:   982        EV: 12    Int: 22    God:    Ignis [*****.] SH:  4 Dex:  8

rFire   + + +      SeeInvis .   a - +9 war axe "Holif" {drain, Contam rElec rPois Stlth+}
rCold   . . .      Faith    .   A - +0 buckler
rNeg    . . .      Spirit   .   V - +2 ring mail {rC+}
rPois   ∞          Reflect  .   e - +2 helmet
rElec   +          Harm     .   P - +2 cloak
rCorr   +          Rampage  .   (no gloves)
Will    +....                   (boots unavailable)
Stlth   +.........              (no amulet)
HPRegen 0.27/turn               l - ring of resist corrosion
MPRegen 0.00/turn               (no ring)

@: flying, studying Armour
A: sickness immunity, fire resistance 2, cold vulnerability 1, float, innate
caster, HP casting, extra vitality 1
a: Renounce Religion, Fiery Armour, Foxfire Swarm, Rising Flame


You were on level 5 of the Lair of Beasts.
You worshipped Ignis.
Ignis was extremely pleased with you.
You visited 2 branches of the dungeon, and saw 17 of its levels.
You also visited: Sewer and Bailey.

You collected 1211 gold pieces.
You spent 229 gold pieces at shops.

Inventory:

Hand Weapons
 a - the +9 war axe "Holif" (weapon) {drain, Contam rElec rPois Stlth+}
   (You found it on level 6 of the Dungeon)

   A truly terrible weapon, it drains the life of any living foe it strikes.
   rElec:     It insulates you from electricity.
   rPois:     It protects you from poison.
   Contam:    It causes magical contamination when unequipped.
   Stlth:     It makes you more stealthy.
 c - a +4 hand crossbow of freezing
 K - a +2 hand axe of venom
 O - a -1 falchion of flaming
 U - a +0 broad axe
Missiles
 i - 7 curare-tipped darts
 k - 249 bolts
 t - 25 boomerangs
 v - 30 poisoned darts (quivered)
 x - 206 sling bullets
 D - 9 atropa-tipped darts
 F - a throwing net
 M - 5 silver boomerangs
Armour
 b - +0 acid dragon scales
 e - a +2 helmet (worn)
 w - a +2 robe of the Archmagi
 A - a +0 buckler (worn)
 P - a +2 cloak (worn)
 V - a +2 ring mail of cold resistance (worn)
Magical Staves
 X - a staff of cold
Jewellery
 l - a ring of resist corrosion (left hand)
 Y - a ring of fire
 Z - a ring of protection from fire
Wands
 d - a wand of mindburst (6)
 u - a wand of flame (44)
 z - a wand of digging (18)
 H - a wand of iceblast (12)
 N - a wand of paralysis (11)
Scrolls
 f - 4 scrolls of enchant armour
 g - a scroll of silence
 q - 2 scrolls of vulnerability
 B - 3 scrolls of fear
 C - 3 scrolls of magic mapping
 L - 3 scrolls of blinking
 S - 3 scrolls of immolation
Potions
 h - 10 potions of curing
 j - 5 potions of attraction
 m - 3 potions of brilliance
 n - 3 potions of lignification
 o - 3 potions of haste
 p - 3 potions of might
 r - 3 potions of heal wounds
 s - 2 potions of resistance
 E - a potion of invisibility
 R - 2 potions of cancellation
 T - 2 potions of mutation
 W - 3 potions of ambrosia
Miscellaneous
 y - a lightning rod (4/4)


   Skills:
 + Level 11.1 Fighting
 - Level 8.6 Long Blades
 * Level 10.2 Axes
 + Level 9.3 Armour
 + Level 10.1 Dodging
 - Level 4.0 Shields
 + Level 8.6 Spellcasting


You had 9 spell levels left.
You knew the following spells:

 Your Spells              Type           Power      Damage    Failure   Level
a - Scorch                Fire           94%        2d10      1%          2
b - Summon Small Mammal   Summ           100%       N/A       1%          1
c - Static Discharge      Conj/Air       47%        N/A       1%          2
d - Lesser Beckoning      Tloc           47%        N/A       1%          3
e - Tukima's Dance        Hex            47%        N/A       1%          3
f - Summon Mana Viper     Hex/Summ       47%        N/A       13%         5
g - Borgnjor's Vile Clut  Necr/Erth      23%        N/A       13%         5
Your spell library was empty.

Dungeon Overview and Level Annotations

Branches:
Dungeon (11/15)            Temple (0/1) D:7            Lair (6/6) D:10
  Swamp (0/4) Lair:3        Snake (0/4) Lair:4          Orc (0/2) D:10
  Sewer (visited)          Bailey (visited)
  Slime: Lair:5-6

Altars:
Ashenzari
Vehumet
The Shining One
Beogh

Shops:
D:1 [(!*[

Annotations:
D:3 2 transporters, Pemander's ghost, amateur GnWn
D:6 exclusion: downstairs
D:9 Erolcha
D:10 3 runed translucent doors, issech's ghost, journeyman TrMo
Lair:1 1 runed translucent door, themarg's ghost, journeyman TeCj


Innate Abilities, Weirdness & Mutations

You are immune to sickness and miasma.
You are immune to poison.
Your flesh is very heat resistant. (rF++)
You are vulnerable to cold. (rC-)
You float through the air rather than walking.
You learn spells naturally, not from books.
Your magical power is your life essence.
You have superior vitality. (+4 MHP)


Message History

Okay, then.
The komodo dragon is no longer more vulnerable to fire.
The death yak gores you but does no damage.
The komodo dragon barely misses you. The death yak gores you!
Casting: Borgnjor's Vile Clutch (dangerous; 14% risk of failure)
Confirm with . or Enter, or press ? or * to list all spells.
Aiming: Borgnjor's Vile Clutch (dangerous; 14% risk of failure)
Press: ? - help, Shift-Dir - straight line, f - death yak
Aim: a death yak (almost dead, lightly drained, 100% to hit)
Zombie hands grab the death yak.
The zombie hands constrict the death yak!
The komodo dragon bites you!
* * * LOW HITPOINT WARNING * * *
The zombie hands constrict the death yak.
The death yak struggles to escape constriction.
The death yak escapes!
Casting: Borgnjor's Vile Clutch (dangerous; 14% risk of failure)
Confirm with . or Enter, or press ? or * to list all spells.
Aiming: Borgnjor's Vile Clutch (dangerous; 14% risk of failure)
Press: ? - help, Shift-Dir - straight line, f/p - death yak
Aim: a death yak (almost dead, lightly drained, 100% to hit)
Zombie hands grab the death yak.
* * * LOW HITPOINT WARNING * * *
The zombie hands constrict the death yak.
You kill the death yak!
The komodo dragon misses you.
Casting: Borgnjor's Vile Clutch (dangerous; 13% risk of failure)
Confirm with . or Enter, or press ? or * to list all spells.
Aiming: Borgnjor's Vile Clutch (dangerous; 13% risk of failure)
Press: ? - help, Shift-Dir - straight line, f - komodo dragon
Aim: a komodo dragon (100% to hit)
Zombie hands grab the komodo dragon.
* * * LOW HITPOINT WARNING * * *
The zombie hands constrict the komodo dragon.
The komodo dragon bites you.
* * * LOW HITPOINT WARNING * * *
The zombie hands constrict the komodo dragon.
The komodo dragon bites you!!
You die...

##........#
#........#
##........##
#..........#
#.........##
#P...†....#
#P........#
#.........#
##..l@[...#
#.........#
##.###....#
### ##.###
###


You could see a komodo dragon (clutched).

Vanquished Creatures
  2 hydras
  2 two-headed ogres
  A death yak (Lair:5)
  Sonja (Lair:4)
  A fire crab (Lair:5)
  Pikel (D:5)
  3 orc knights (Bailey)
  An oklob plant (Lair:3)
  4 centaur zombies
  Maggie (D:7)
  A torpor snail (Lair:5)
  8 black mambas
  10 cane toads
  A rime drake (Lair:1)
  2 nameless horrors
  8 komodo dragons
  Psyche (D:10)
  An unseen horror (D:10)
  A troll (D:11)
  2 polar bears (Lair:4)
  2 hornets (D:7)
  4 blink frogs (Lair:1)
  A slime creature (D:11)
  A jumping spider (shapeshifter) (D:9)
  4 wraiths
  8 wyverns
  46 yaks
  Eustachio (D:5)
  A hog (Lair:5)
  3 basilisks
  Menkaure (D:5)
  14 water moccasins
  10 orc warriors
  A sky beast (D:5)
  A black bear (Lair:1)
  21 wolves
  An ice beast (D:5)
  A necrophage (D:5)
  3 ogres
  8 centaurs
  3 lemures
  A phantom (D:7)
  7 bullfrogs
  2 kobold brigands
  Blork the orc (D:6)
  A wyvern zombie (D:8)
  A gnoll sergeant (D:8)
  2 scorpions (D:10)
  2 water moccasin skeletons (D:5)
  50 killer bees
  4 electric eels
  2 howler monkeys (D:11)
  A bullfrog zombie (D:3)
  8 hounds
  6 orc priests
  7 iguanas
  Jessica (D:3)
  Natasha (thrice) (D:2)
  13 orc wizards
  Terence (D:2)
  A hound skeleton (D:4)
  12 gnolls
  7 adders
  A white imp (D:7)
  2 ufetubi
  An adder skeleton (D:4)
  2 worms (D:2)
  A dart slug (D:1)
  49 orcs
  14 ball pythons
  21 endoplasms
  16 giant cockroaches
  14 goblins
  8 hobgoblins
  3 jackals (D:1)
  7 quokkas (Sewer)
  6 bats
  13 frilled lizards
  25 kobolds
  10 rats
513 creatures vanquished.

Vanquished Creatures (collateral kills)
  Kirke (Lair:5)
  Josephine (D:10)
  3 hydras
  Erica (Lair:2)
  A cyclops (D:11)
  An unseen horror (D:11)
  2 komodo dragons
  A troll (D:10)
  A blink frog (Lair:1)
  A hornet (D:9)
  2 slime creatures
  12 yaks
  2 wraiths (D:10)
  2 hogs (Lair:5)
  A wolf (Lair:3)
  5 killer bees (D:9)
  An orc (D:9)
38 creatures vanquished.

Vanquished Creatures (others)
  6 bushes (Lair:1)
  22 fungi
  83 plants
111 creatures vanquished.

Grand Total: 662 creatures vanquished

Notes
Turn   | Place    | Note
-------+----------+-------------------------------------------
     0 | D:1      | demenzo the Djinni Cinder Acolyte began the quest for the
                  | Orb.
     0 | D:1      | Reached XP level 1. HP: 20/20 MP: 0/0
    12 | D:1      | Found Vayferump's Antique Armour Emporium.
   345 | D:1      | Found Jouv's Weapon Shop.
   421 | D:1      | Reached XP level 2. HP: 23/25 MP: 0/0
   677 | D:1      | Found Ocipp's Armour Shoppe.
  1013 | D:1      | Found Atabim's Distillery.
  1045 | D:1      | Reached XP level 3. HP: 30/30 MP: 0/0
  1045 | D:1      | Learned a level 1 spell: Summon Small Mammal
  1057 | D:1      | Reached skill level 1 in Dodging
  1732 | D:1      | Found Cangask's General Store.
  1741 | D:1      | Bought a scroll of identify for 24 gold pieces
  2006 | D:2      | Found a faded altar of an unknown god.
  2067 | D:2      | Noticed Natasha
  2080 | D:2      | Killed Natasha
  2081 | D:2      | Reached XP level 4. HP: 16/35 MP: 0/0
  2941 | D:1      | Bought a potion of might for 44 gold pieces
  3041 | D:2      | Noticed Terence
  3045 | D:2      | Killed Terence
  3046 | D:2      | Reached XP level 5. HP: 36/40 MP: 0/0
  3046 | D:2      | Learned a level 2 spell: Static Discharge
  3049 | D:2      | Noticed Natasha
  3062 | D:2      | Killed Natasha
  3557 | D:2      | Noticed Natasha
  3563 | D:2      | Killed Natasha
  3690 | D:2      | Reached XP level 6. HP: 43/47 MP: 0/0
  4067 | D:3      | Reached skill level 4 in Fighting
  4755 | D:3      | Reached XP level 7. HP: 46/52 MP: 0/0
  4755 | D:3      | Learned a level 3 spell: Lesser Beckoning
  4794 | D:3      | Found a transporter.
  4896 | D:3      | Identified the +2 short sword "Gram" {antimagic, rPois rN+}
  5072 | D:3      | Found a transporter.
  5075 | D:3      | Noticed Pemander's ghost (amateur GnWn)
  5083 | D:3      | Found a glowing golden altar of the Shining One.
  5101 | D:3      | Found a broken altar of Ashenzari.
  5391 | D:3      | Noticed Jessica
  5400 | D:3      | Killed Jessica
  5401 | D:3      | Reached skill level 5 in Long Blades
  5937 | D:4      | Found a glowing drain.
  5969 | Sewer    | Entered a sewer
  6544 | Sewer    | Reached XP level 8. HP: 51/58 MP: 0/0
  6687 | Sewer    | Identified the +3 chain mail "Naschecio" {*Corrode Fly
                  | Will+ Int+2}
  7311 | D:4      | Reached skill level 5 in Fighting
  7557 | D:4      | Reached skill level 1 in Shields
  7849 | D:5      | Entered Level 5 of the Dungeon
  7864 | D:5      | Noticed Eustachio
  8014 | D:1      | Bought a +1 helmet for 161 gold pieces
  8752 | D:5      | Noticed Menkaure
  8768 | D:5      | Killed Menkaure
  8769 | D:5      | Reached XP level 9. HP: 27/65 MP: 0/0
  8769 | D:5      | Learned a level 3 spell: Tukima's Dance
  8973 | D:5      | Noticed Pikel
  9422 | D:5      | Killed Eustachio
  9526 | D:5      | Killed Pikel
  9527 | D:5      | Reached skill level 6 in Fighting
  9905 | D:6      | Noticed Blork the orc
  9913 | D:6      | Killed Blork the orc
 10046 | D:6      | Reached skill level 5 in Spellcasting
 10046 | D:6      | Reached XP level 10. HP: 28/73 MP: 0/0
 10605 | D:6      | Identified the +9 war axe "Holif" {drain, Contam rElec
                  | rPois Stlth+}
 10929 | D:7      | Noticed a two-headed ogre
 10929 | D:7      | Found a staircase to the Ecumenical Temple.
 11058 | D:7      | Reached skill level 7 in Fighting
 11298 | D:7      | Killed a two-headed ogre
 11299 | D:7      | Reached skill level 1 in Axes
 11299 | D:7      | Reached skill level 1 in Armour
 12305 | D:7      | Noticed Maggie
 12323 | D:7      | Killed Maggie
 13498 | D:8      | Reached skill level 5 in Dodging
 14118 | D:8      | Reached XP level 11. HP: 46/79 MP: 0/0
 14118 | D:8      | Learned a level 5 spell: Summon Mana Viper
 14447 | D:8      | Noticed a two-headed ogre
 14457 | D:8      | Killed a two-headed ogre
 14458 | D:8      | Reached skill level 8 in Fighting
 16037 | D:9      | Reached skill level 5 in Axes
 17221 | D:9      | Noticed Erolcha
 17325 | D:8      | HP: 1/82 [killer bee (8)]
 17724 | D:10     | Entered Level 10 of the Dungeon
 17724 | D:10     | Found a flagged portal.
 17754 | Bailey   | Entered a bailey
 17762 | Bailey   | Noticed an orc knight
 17812 | Bailey   | Noticed an orc knight
 17839 | Bailey   | Killed an orc knight
 17840 | Bailey   | Reached XP level 12. HP: 74/88 MP: 0/0
 18771 | D:10     | Reached skill level 5 in Armour
 19262 | D:10     | Found a staircase to the Lair.
 19282 | D:10     | Reached skill level 9 in Fighting
 20218 | D:10     | Noticed Psyche
 20224 | D:10     | Killed Psyche
 20323 | D:10     | Found a runed translucent gate.
 20540 | D:10     | Noticed Josephine
 21409 | D:10     | Found a runed translucent gate.
 21410 | D:10     | Found a runed translucent gate.
 21412 | D:10     | Noticed issech's ghost (journeyman TrMo)
 21478 | D:10     | Killed Josephine
 22066 | D:10     | Found a staircase to the Orcish Mines.
 22982 | D:11     | Reached XP level 13. HP: 55/94 MP: 0/0
 22982 | D:11     | Learned a level 5 spell: Borgnjor's Vile Clutch
 23169 | D:11     | Noticed a six-headed hydra
 23323 | D:11     | Killed a six-headed hydra
 24667 | Lair:1   | Entered Level 1 of the Lair of Beasts
 24667 | Lair:1   | Noticed an eight-headed hydra
 24742 | D:10     | Killed an eight-headed hydra
 26203 | Lair:1   | Reached skill level 10 in Fighting
 28933 | Lair:1   | Found a runed translucent door.
 28934 | Lair:1   | Noticed themarg's ghost (journeyman TeCj)
 29384 | Lair:2   | Noticed Erica
 29395 | Lair:2   | Killed Erica
 30260 | Lair:2   | Reached XP level 14. HP: 95/103 MP: 0/0
 30834 | Lair:3   | Identified a scroll of acquirement
 30834 | Lair:3   | Acquired a manual of Armour
 30950 | Lair:3   | Found a staircase to the Swamp.
 33638 | Lair:4   | Found a staircase to the Snake Pit.
 33762 | Lair:4   | Noticed Sonja
 33775 | Lair:4   | Killed Sonja
 34492 | Lair:5   | You are sucked into a shaft and drop 1 floor!
 34492 | Lair:6   | Entered Level 6 of the Lair of Beasts
 34662 | Lair:5   | Noticed Kirke
 34671 | Lair:5   | Reached skill level 10 in Axes
 34682 | Lair:5   | Killed Kirke
 34683 | Lair:5   | Reached skill level 11 in Fighting
 34683 | Lair:5   | Reached skill level 10 in Dodging
 36232 | Lair:5   | Slain by a komodo dragon

Illustrated notes

Levels and vault maps discovered:
D:1:      dpeg_arrival_ratfight, layout_basic, serial_shops,
          nicolae_lakefront_shop, shop, shop, nicolae_square_shop,
          nicolae_shop_statue_plus
D:2:      layout_loops_corners, dreamdust_ecumenical_altar_hidden_monk_grotto,
          uniq_natasha, uniq_terence
D:3:      layout_loops_ring, vehumet_altar_wand_db,
          mainiacjoe_overflow_catch_the_wave, gammafunk_ghost_mausoleum,
          uniq_jessica
D:4:      layout_loops_cross, portal_sewer_entry_d
D:5:      layout_loops_ring, hex_medium, uniq_eustachio, uniq_menkaure,
          uniq_pikel
D:6:      layout_cave_pools, serial_rivers, chequers_serial_rivers_micro_e,
          chequers_serial_rivers_room_a, chequers_serial_rivers_micro_b,
          chequers_serial_rivers_micro_e, chequers_serial_rivers_marsh,
          chequers_serial_rivers_small_3, uniq_blork_the_orc
D:7:      layout_loops_ring, minmay_temple_entry_stoned_glass, uniq_maggie
D:8:      layout_loops_cross, serial_rivers, chequers_serial_rivers_room_a,
          chequers_serial_rivers_room_b, chequers_serial_rivers_room_a,
          chequers_serial_rivers_small_3, chequers_serial_rivers_small_a
D:9:      wad_woods_minihive, layout_stronghold, chequers_decorated_corner,
          serial_park_tiny_2, uniq_erolcha
D:10:     layout_irregular_city, minmay_lair_entry_grove, david_orc_5,
          gammafunk_ghost_necromancy, enter_bailey_2, uniq_psyche,
          uniq_josephine
D:11:     layout_rooms, serial_bayou, serial_bayou_pond_d,
          serial_bayou_lagoon_b, serial_bayou_pond_a, serial_bayou_pond_d
Lair:1:   layout_gridlike, ebering_ghost_inner_flame, serial_rivers,
          chequers_serial_rivers_large_a, chequers_serial_rivers_micro_a,
          chequers_serial_rivers_marsh, chequers_serial_rivers_room_a,
          chequers_serial_rivers_room_b, grunt_forest_large_clearing_hut
Lair:2:   layout_big_grid, cheibrodos_lair_reptile_den,
          infiniplex_staircase_pool, uniq_erica
Lair:3:   beast_lair_carwin_large_1, layout_regular_city, swamp_mist_pool,
          serial_bayou_pond_e, nzn_random_ring, grunt_megastairs_2
Lair:4:   layout_roguey, dummy_snake_entry, infiniplex_staircase_pool_2,
          uniq_sonja
Lair:5:   layout_big_grid, kennysheep_catoblepas_arena, uniq_kirke
Lair:6:   minmay_lair_end_enchanted_forest, layout_layer_cave, slime_altar_1,
          hangedman_lair_generics_rect

Skill      XL: |  1  2  3  4  5  6  7  8  9 10 11 12 13 14 |
---------------+-------------------------------------------+-----
Long Blades    | 3 4 5 6 8 |  8.6
Dodging        | 1 2 3 4 5 6 7 9 10 | 10.1
Spellcasting   | 3 4 5 6 7 8 |  8.6
Fighting       | 4 5 6 7 8 9 10 11 | 11.1
Shields        | 2 4 |  4.0
Axes           | 3 5 7 9 10 | 10.2
Armour         | 2 4 6 7 9 |  9.3

Action                   |  1- 3 |  4- 6 |  7- 9 | 10-12 | 13-15 || total
-------------------------+-------+-------+-------+-------+-------++-------
Melee: Falchion          |    73 |    12 |    18 |       |       ||   103
       War axe           |       |       |       |   174 |   194 ||   368
       Unarmed           |       |       |       |       |     1 ||     1
Throw: Dart              |       |       |       |    12 |       ||    12
 Cast: Scorch            |    26 |    64 |   184 |   347 |   234 ||   855
       Summon Mana Viper |       |       |       |    11 |    13 ||    24
       Static Discharge  |       |       |       |    45 |    31 ||    76
       Borgnjor's Vile C |       |       |       |       |    26 ||    26
Evoke: Wand              |       |       |       |     4 |     2 ||     6
  Use: Scroll            |     2 |       |     7 |     6 |    10 ||    25
       Potion            |       |       |       |     3 |       ||     3
 Stab: Invisible         |       |       |       |     2 |       ||     2
       Distracted        |       |       |       |       |     2 ||     2
       Paralysed         |       |       |       |       |     3 ||     3
Armor: Robe              |    19 |       |    27 |     5 |       ||    51
       Leather armour    |     3 |    14 |     1 |    98 |       ||   116
       Ring mail         |       |       |       |    75 |   197 ||   272
Dodge: Dodged            |    55 |    15 |    65 |   281 |   265 ||   681
Block: Buckler           |       |       |     8 |    79 |    86 ||   173
